 Dungeon Crawl Stone Soup version 0.27-a0-1391-g48c30b3128 (webtiles) character file.

Game seed: 11729967770636737148

69272 Kinoniko the Bludgeoner (level 14, 0/199 HPs)
             Began as a Demonspawn Berserker on July 1, 2021.
             Was the Champion of Trog.
             Slain by a skeletal warrior (20 damage)
             ... led by a skeletal warrior
             ... on level 13 of the Dungeon.
             The game lasted 00:29:45 (23979 turns).

Kinoniko the Bludgeoner (Demonspawn Berserker)     Turns: 23979, Time: 00:29:45

Health: 0/199      AC: 13    Str: 21    XL:     14   Next: 89%
Magic:  23/23      EV: 14    Int: 11    God:    Trog [******]
Gold:   726        SH:  5    Dex: 14    Spells: 13/13 levels left

rFire    . . .     SeeInvis .   R - +3 battleaxe (flame)
rCold    . . .     Faith    .   (shield currently unavailable)
rNeg     . . .     Spirit   .   w - +5 scale mail "Zuxkig" {Regen+ Int+2}
rPois    +         Reflect  +   (no helmet)
rElec    .         Harm     .   p - +2 cloak
rCorr    .         Rampage  .   O - +4 pair of gloves of Hospitality {rPois MP+9}
Will     +....                  (no boots)
Stlth    ..........             c - amulet of reflection
HPRegen  1.43/turn              g - ring of poison resistance
MPRegen  0.18/turn              i - +4 ring of evasion

@: berserking, corroded, unable to read, very quick
A: talons 2, demonic guardian 2, foul stench 2, robust 1, sharp scales 2,
inability to read while threatened
a: Renounce Religion, Berserk, Trog's Hand, Brothers in Arms


You were on level 13 of the Dungeon.
You worshipped Trog.
Trog was exalted by your worship.
You visited 2 branches of the dungeon, and saw 19 of its levels.
You also visited: Bailey.

You collected 1787 gold pieces.
You spent 1061 gold pieces at shops.

Inventory:

Hand Weapons
 m - a +3 whip of electrocution
 u - a +4 war axe
 D - a +0 eveningstar
 E - the +3 sling "Punk" {acid, rCorr}
   (You found it in a bailey)

   rCorr:     It protects you from acid and corrosion.
 F - the +7 mace of Variability {chain chaos}
   (You found it on level 9 of the Dungeon)

   Each time it hits an enemy it has a different, random effect.
 R - a +3 battleaxe of flaming (weapon)
Missiles
 H - 5 curare-tipped darts (quivered)
 T - a throwing net
 Y - 7 atropa-tipped darts
Armour
 p - a +2 cloak (worn)
 w - the +5 scale mail "Zuxkig" (worn) {Regen+ Int+2}
   (You found it on level 13 of the Dungeon)

   Int:       It affects your intelligence (+2).
   Regen:     It increases your rate of health regeneration.
 M - the +3 ring mail of Sif Muna's Pride {Dex+3}
   (You found it on level 11 of the Dungeon)

   Dex:       It affects your dexterity (+3).
 O - the +4 pair of gloves of Hospitality (worn) {rPois MP+9}
   (You bought it in a shop on level 12 of the Dungeon)

   rPois:     It protects you from poison.
   MP:        It affects your magic capacity (+9).
Jewellery
 c - an amulet of reflection (around neck)
 g - a ring of poison resistance (left hand)
 i - a +4 ring of evasion (right hand)
 q - an amulet of the acrobat
 v - an amulet of faith
 G - an amulet of regeneration
 I - an amulet of guardian spirit
 K - a +6 ring of dexterity
 N - a ring of fire
 U - a ring of fire
 V - a ring of see invisible
 X - a +6 ring of dexterity
 Z - a +6 ring of dexterity
Wands
 n - a wand of polymorph (14)
 s - a wand of flame (55)
 x - a wand of charming (11)
 y - a wand of digging (4)
 P - a wand of paralysis (19)
 Q - a wand of iceblast (26)
 S - a wand of mindburst (15)
Scrolls
 a - a scroll of blinking
 d - 11 scrolls of teleportation
 r - 3 scrolls of fear
 J - 2 scrolls of magic mapping
Potions
 b - 2 potions of invisibility {unknown}
 e - 2 potions of cancellation
 f - a potion of haste
 h - 6 potions of flight
 j - a potion of brilliance
 k - 2 potions of berserk rage {unknown}
 l - a potion of ambrosia {unknown}
 o - 13 potions of curing
 t - 2 potions of heal wounds
 z - 5 potions of magic
 A - 2 potions of might
 B - a potion of experience {unknown}
 C - 2 potions of resistance
 L - a potion of mutation
Miscellaneous
 W - a tin of tremorstones (2/2)


   Skills:
 + Level 14.8 Fighting
 * Level 13.4(16.5) Axes
 - Level 16.4(18.0) Maces & Flails
 - Level 1.7 Armour
 - Level 1.7 Dodging


You had 13 spell levels left.
You didn't know any spells.
Your spell library contained the following spells:

 Spells                   Type           Power      Damage    Failure   Level
 Ignite Poison            Fire/Tmut/Pois 0%         N/A       96%         3
 Fireball                 Conj/Fire      0%         3d3       100%        5
 Starburst                Conj/Fire      0%         8x6d3     100%        6
 Ignition                 Fire           0%         3d3       100%        8


Dungeon Overview and Level Annotations

Branches:
Dungeon (13/15)            Temple (0/1) D:6            Lair (6/6) D:11
 Shoals (0/4) Lair:3       Spider (0/4) Lair:4        Slime (0/5) Lair:6
    Orc (0/2) D:10         Bailey (visited)
 Vaults: D:13-14

Altars:
Dithmenos
Nemelex Xobeh
Trog
Uskayaw
Vehumet
Xom
Yredelemnul
Jiyva

Shops:
D:1 =   D:3 =   D:7 ?:!   D:8 *   D:11 !   D:12 *[[[


Innate Abilities, Weirdness & Mutations

You have razor-sharp toenails.
A demonic guardian rushes to your aid.
You sometimes emit foul miasma when damaged in melee.
You are robust. (+10% HP)
You are mostly covered in razor-sharp scales. (AC +2, Slay +2)
You sometimes lose the ability to read scrolls when taking damage.


Message History

The skeletal warrior barely misses you.
The skeletal warrior hits you with a +0 trident!
A red film seems to cover your vision as you go berserk!
You feel yourself moving faster!
You feel mighty!
You block the skeletal warrior's attack.
The skeletal warrior hits you but does no damage.
The skeletal warrior hits you with a +0 trident!
You slice the skeletal warrior!! You burn the skeletal warrior!
You claw the skeletal warrior, but do no damage.
The skeletal warrior is heavily damaged.
You hit the skeletal warrior. You burn the skeletal warrior.
You hit the skeletal warrior but do no damage.
The skeletal warrior hits you with a +0 glaive!
The skeletal warrior hits you with a +0 halberd!!
You barely miss the skeletal warrior.
The skeletal warrior is heavily damaged.
You hit the skeletal warrior. You burn the skeletal warrior.
You hit the skeletal warrior but do no damage.
The skeletal warrior hits you with a +0 trident!!
You slash the skeletal warrior! You burn the skeletal warrior!
You claw the skeletal warrior!
The skeletal warrior is almost destroyed.
You hit the skeletal warrior but do no damage.
You hit the skeletal warrior. You burn the skeletal warrior.
The skeletal warrior hits you with a +0 glaive!
* * * LOW HITPOINT WARNING * * *
The skeletal warrior hits you with a +0 halberd!
* * * LOW HITPOINT WARNING * * *
A demonic guardian appears!
The skeletal warrior hits you with a +0 trident!
* * * LOW HITPOINT WARNING * * *
Unknown command.
You slash the skeletal warrior! You burn the skeletal warrior.
You destroy the skeletal warrior!
Trog accepts your kill.
You slash the skeletal warrior! You burn the skeletal warrior.
You hit the skeletal warrior but do no damage.
Your sun demon closely misses the skeletal warrior.
The skeletal warrior hits you from afar with a +0 halberd!!
You die...

#...# # #...# .. .# #...#
#.. .. +...# #.# ##
##...# #.# .. #....# #.#
.. #.3zz# #># ..
###..z.###+####.# ..
#(.....@........# ###
#...............######..
.......................=.
.........................
..................#######
##[...####........# #....
#........# #....
#.######## ##


You could see 3 skeletal warriors and a friendly sun demon (summoned).

Vanquished Creatures
  Rupert (Lair:4)
  An orc warlord (Bailey)
  2 boulder beetles
  4 hydras
  An ice dragon (Lair:5)
  3 catoblepae (Lair:6)
  2 centaur warriors
  5 two-headed ogres
  6 death yaks (Lair:6)
  Urug (Lair:3)
  Sonja (Lair:3)
  A skeletal warrior (D:13)
  An orc knight (Bailey)
  A deep elf pyromancer (D:13)
  3 oklob plants (Lair:1)
  An orb spider (shapeshifter) (D:13)
  A manticore (Lair:6)
  2 merfolk sirens (Lair:3)
  18 elephants
  Joseph (D:10)
  7 black mambas
  Psyche (D:8)
  8 cane toads
  A gargoyle (D:12)
  A kobold demonologist (D:11)
  16 komodo dragons
  4 rime drakes
  5 trolls
  A polar bear (Lair:6)
  A merfolk (Lair:3)
  2 meliai (D:13)
  10 slime creatures
  26 blink frogs
  5 dream sheep (Lair:6)
  Sigmund (D:2)
  A redback (Lair:4)
  7 wyverns
  2 shadows
  3 wraiths
  6 basilisks
  A vampire (D:12)
  42 yaks
  7 vampire mosquitoes
  2 chaos spawn (D:9)
  2 steam dragons (D:8)
  13 water moccasins
  An acid dragon (D:13)
  2 ice beasts
  3 orc warriors
  A black bear (D:11)
  3 ogres
  6 centaurs
  2 phantoms (D:5)
  3 kobold brigands
  25 bullfrogs
  2 gnoll sergeants
  A scorpion (D:4)
  A water moccasin skeleton (D:7)
  6 killer bees
  4 wights (D:8)
  9 howler monkeys
  An electric eel (Lair:2)
  5 centaur zombies
  4 hounds
  Crazy Yiuf (D:2)
  A gnoll shaman (D:8)
  3 jellies (D:13)
  3 orc priests
  4 iguanas
  7 orc wizards
  A hound skeleton (D:5)
  A howler monkey zombie (D:8)
  17 gnolls
  5 adders
  A shadow imp (D:7)
  2 white imps
  A worm (D:3)
  A dart slug (D:2)
  29 orcs
  2 endoplasms
  5 giant cockroaches
  12 goblins
  6 hobgoblins
  13 jackals
  3 quokkas
  2 ball pythons
  5 bats
  16 kobolds
  2 rats (D:1)
453 creatures vanquished.

Vanquished Creatures (collateral kills)
  A manticore (Lair:6)
  A merfolk siren (Lair:3)
  An elephant (Lair:4)
  A meliai (D:13)
  A troll (D:5)
  A blink frog (Lair:5)
  5 yaks
  A water moccasin (Lair:6)
  A bullfrog (D:6)
  A gnoll sergeant (D:5)
  A wyvern skeleton (D:5)
  A bullfrog zombie (D:5)
  An orc priest (D:5)
  An orc wizard (D:5)
  An adder (D:5)
  A dart slug (D:3)
  An orc (D:5)
21 creatures vanquished.

Vanquished Creatures (others)
  An orc (D:8)
  58 fungi
  54 plants
113 creatures vanquished.

Grand Total: 587 creatures vanquished

Notes
Turn   | Place    | Note
-------+----------+-------------------------------------------
     0 | D:1      | Kinoniko the Demonspawn Berserker began the quest for the
                  | Orb.
     0 | D:1      | Reached XP level 1. HP: 18/18 MP: 1/1
    52 | D:1      | Found a faded altar of an unknown god.
   153 | D:1      | Gained mutation: You may rarely emit foul miasma when
                  | damaged in melee. [demonic ancestry]
   153 | D:1      | Reached XP level 2. HP: 24/24 MP: 2/2
   437 | D:1      | Found Nubov's Jewellery Shoppe.
  1136 | D:2      | Gained mutation: You are partially covered in razor-sharp
                  | scales. (AC +1, Slay +1) [demonic ancestry]
  1136 | D:2      | Reached XP level 3. HP: 27/29 MP: 3/3
  1180 | D:2      | Noticed Sigmund
  1186 | D:2      | Killed Sigmund
  1187 | D:2      | Reached skill level 5 in Axes
  1187 | D:2      | Gained mutation: A weak demonic guardian rushes to your
                  | aid. [demonic ancestry]
  1187 | D:2      | Reached XP level 4. HP: 35/35 MP: 4/4
  1187 | D:2      | Gained mutation: A demonic guardian rushes to your aid.
                  | [demonic ancestry]
  1187 | D:2      | Reached XP level 5. HP: 41/41 MP: 5/5
  1286 | D:2      | Found a runed translucent door.
  1287 | D:2      | Noticed Crazy Yiuf
  1420 | D:2      | Killed Crazy Yiuf
  1631 | D:3      | Found Payder's Jewellery Shop.
  1648 | D:3      | Reached ** piety under Trog
  1861 | D:3      | Found a hide-covered altar of Uskayaw.
  2571 | D:4      | Reached skill level 1 in Maces & Flails
  2826 | D:4      | Gained mutation: You are robust. (+10% HP) [demonic
                  | ancestry]
  2826 | D:4      | Reached XP level 6. HP: 41/51 MP: 6/6
  3052 | D:4      | Reached skill level 2 in Maces & Flails
  3646 | D:4      | Reached skill level 3 in Maces & Flails
  3795 | D:5      | Entered Level 5 of the Dungeon
  3829 | D:5      | Noticed a troll
  3836 | D:5      | Reached skill level 4 in Maces & Flails
  3836 | D:5      | Reached XP level 7. HP: 57/57 MP: 7/7
  3846 | D:5      | Reached skill level 5 in Maces & Flails
  3859 | D:5      | Killed a troll
  3860 | D:5      | Reached skill level 6 in Maces & Flails
  3860 | D:5      | Gained mutation: You sometimes lose the ability to read
                  | scrolls when taking damage. [potion of mutation]
  3899 | D:5      | HP: 2/57 [gnoll sergeant (2)]
  4017 | D:5      | Gained mutation: You sometimes emit foul miasma when
                  | damaged in melee. [demonic ancestry]
  4017 | D:5      | Reached XP level 8. HP: 26/63 MP: 8/8
  4168 | D:5      | Reached *** piety under Trog
  4195 | D:5      | Reached skill level 7 in Maces & Flails
  4992 | D:5      | Reached skill level 8 in Maces & Flails
  5282 | D:6      | Found a staircase to the Ecumenical Temple.
  5462 | D:6      | Reached skill level 9 in Maces & Flails
  6023 | D:7      | Found Posmin's Book Emporium.
  6050 | D:7      | Found a sparkling altar of Nemelex Xobeh.
  6096 | D:7      | Gained mutation: You have sharp toenails. [demonic
                  | ancestry]
  6096 | D:7      | Reached XP level 9. HP: 67/69 MP: 9/9
  6528 | D:7      | Reached skill level 10 in Maces & Flails
  6673 | D:7      | Found Ifiosseg's Magic Scroll Boutique.
  6676 | D:7      | Bought a scroll of enchant armour for 112 gold pieces
  6676 | D:7      | Bought a scroll of identify for 30 gold pieces
  6738 | D:7      | Found Uqaedgh's Distillery.
  6778 | D:7      | Found a shadowy altar of Dithmenos.
  6781 | D:7      | Reached **** piety under Trog
  7043 | D:8      | Noticed a two-headed ogre
  7048 | D:8      | Noticed Psyche
  7055 | D:8      | Killed a two-headed ogre
  7056 | D:8      | Reached skill level 11 in Maces & Flails
  7064 | D:8      | Killed Psyche
  7299 | D:8      | Gained mutation: You are mostly covered in razor-sharp
                  | scales. (AC +2, Slay +2) [demonic ancestry]
  7299 | D:8      | Reached XP level 10. HP: 72/77 MP: 10/10
  7372 | D:8      | Found a basalt altar of Yredelemnul.
  7412 | D:8      | Reached skill level 12 in Maces & Flails
  7538 | D:8      | Noticed a centaur warrior
  7538 | D:8      | Noticed a two-headed ogre
  7545 | D:8      | Killed a two-headed ogre
  7551 | D:8      | Killed a centaur warrior
  7554 | D:8      | Reached skill level 13 in Maces & Flails
  7947 | D:8      | Found Fuofeumna's Assorted Antiques.
  7955 | D:8      | Bought a scroll labelled GEGILYTSUPH for 24 gold pieces
  8403 | D:9      | Found a shimmering altar of Xom.
  8512 | D:9      | Found the +7 mace of Variability {chain chaos}
  8583 | D:9      | Found a bloodstained altar of Trog.
  8816 | D:10     | Entered Level 10 of the Dungeon
  8816 | D:10     | Noticed a two-headed ogre
  8822 | D:10     | Killed a two-headed ogre
  8828 | D:10     | Reached skill level 14 in Maces & Flails
  8828 | D:10     | Gained mutation: You have razor-sharp toenails. [demonic
                  | ancestry]
  8828 | D:10     | Reached XP level 11. HP: 83/83 MP: 11/11
  8903 | D:10     | Found a radiant altar of Vehumet.
  8979 | D:10     | Found a flagged portal.
  9020 | Bailey   | Entered a bailey
  9025 | Bailey   | Noticed an orc warlord
  9026 | Bailey   | Found the +3 sling "Punk" {acid, rCorr}
  9085 | Bailey   | Noticed an orc knight
  9110 | Bailey   | Killed an orc knight
  9111 | Bailey   | Reached ***** piety under Trog
  9174 | Bailey   | Found a runed translucent gate.
  9174 | Bailey   | Found a runed translucent gate.
  9181 | Bailey   | Found a runed translucent gate.
  9475 | Bailey   | Killed an orc warlord
  9742 | D:10     | Found a staircase to the Orcish Mines.
  9852 | D:10     | Noticed Joseph
  9861 | D:10     | Killed Joseph
  9862 | D:10     | Reached skill level 5 in Fighting
 10456 | D:11     | Found Ixeoqied's Distillery.
 10583 | D:11     | Bought a potion of heal wounds for 60 gold pieces
 10583 | D:11     | Bought a potion of curing for 36 gold pieces
 10583 | D:11     | Bought a potion of curing for 36 gold pieces
 10583 | D:11     | Bought a potion of curing for 36 gold pieces
 10583 | D:11     | Bought a potion of curing for 36 gold pieces
 10583 | D:11     | Bought a potion of curing for 36 gold pieces
 10583 | D:11     | Bought a potion of curing for 36 gold pieces
 10613 | D:11     | Noticed a two-headed ogre
 10622 | D:11     | Killed a two-headed ogre
 10626 | D:11     | Found a staircase to the Lair.
 10630 | D:11     | Reached skill level 15 in Maces & Flails
 10909 | D:11     | Identified the +3 ring mail of Sif Muna's Pride {Dex+3}
 11156 | Lair:1   | Entered Level 1 of the Lair of Beasts
 11214 | Lair:1   | Identified a scroll of acquirement
 11215 | Lair:1   | Acquired a manual of Fighting
 11614 | Lair:1   | Reached XP level 12. HP: 71/100 MP: 12/12
 13078 | Lair:2   | Reached skill level 16 in Maces & Flails
 13808 | Lair:3   | Received a gift from Trog
 14037 | Lair:3   | Reached skill level 10 in Fighting
 15080 | Lair:3   | Noticed a boulder beetle
 15091 | Lair:3   | Killed a boulder beetle
 15318 | Lair:3   | Noticed a five-headed hydra
 15327 | Lair:3   | Reached XP level 13. HP: 116/116 MP: 13/13
 15609 | Lair:3   | Noticed Sonja
 15684 | Lair:3   | Killed Sonja
 15885 | Lair:3   | Noticed Urug
 15901 | Lair:3   | Killed Urug
 16280 | Lair:3   | Found a staircase to the Shoals.
 17209 | Lair:4   | Found a hole to the Spider Nest.
 17414 | Lair:4   | Noticed Rupert
 17416 | Lair:4   | Paralysed by Rupert for 7 turns
 17429 | Lair:4   | Killed Rupert
 18546 | Lair:5   | Reached skill level 10 in Axes
 19255 | Lair:5   | Received a gift from Trog
 20385 | Lair:6   | Entered Level 6 of the Lair of Beasts
 20392 | Lair:6   | Reached XP level 14. HP: 130/130 MP: 14/14
 21260 | Lair:6   | HP: 5/132 [death yak (14)]
 21660 | Lair:6   | Found a viscous altar of Jiyva.
 21660 | Lair:6   | Found a staircase to the Slime Pits.
 22365 | D:12     | Found Tare's Antique Armour Boutique.
 22401 | D:12     | Bought a faintly glowing ring mail for 315 gold pieces
 22401 | D:12     | Identified the +0 ring mail of the Sailor {Str+5} (You
                  | bought it in a shop on level 12 of the Dungeon)
 22483 | D:12     | Found Uwawureps's Armour Boutique.
 22956 | D:12     | Found Ohegedott's Assorted Antiques.
 22957 | D:12     | Found Edwuig's Antique Armour Shop.
 23122 | D:12     | Bought a pair of jewelled gloves for 304 gold pieces
 23122 | D:12     | Identified the +4 pair of gloves of Hospitality {rPois
                  | MP+9} (You bought it in a shop on level 12 of the Dungeon)
 23422 | D:13     | Found a viscous altar of Jiyva.
 23876 | D:13     | Reached ****** piety under Trog
 23940 | D:13     | Identified the +5 scale mail "Zuxkig" {Regen+ Int+2}
 23979 | D:13     | Slain by a skeletal warrior

Illustrated notes

Levels and vault maps discovered:
D:1:      minmay_arrival_hallway, layout_loops_ring, serial_shops,
          shop_fountains, ebering_ecumenical_altar_rust
D:2:      layout_rooms, uniq_sigmund, uniq_crazy_yiuf_cottage
D:3:      layout_basic, lemuel_doored_altar, serial_curves, eino_curves_01,
          eino_curves_01, serial_shops, shop_statue, minivault_11
D:4:      layout_loops_corners, serial_aquarium, aquarium_bridge_long_separate
          [aquarium_subvault_wall, aquarium_subvault_balcony,
          aquarium_subvault_bridge, aquarium_subvault_bridge,
          aquarium_subvault_bridge, aquarium_subvault_bridge],
          aquarium_window_2, aquarium_window_corner, aquarium_view_2e
D:5:      cheibrodos_fzero, layout_cave_pools, grunt_decor_fettered
D:6:      layout_basic, temple_pool_b
D:7:      layout_gridville, grunt_dithmenos_shadows, lemuel_crystal_altar,
          serial_shops, nicolae_shop_behind_doors, nicolae_stop_n_shop_1, shop,
          grunt_decor_mini_mirrors, item_on_display_a
D:8:      minmay_slanted_spiral_squares, layout_cave_pools,
          yredelemnul_altar_generic, serial_shops, shop, uniq_psyche
D:9:      layout_basic, bloody_trog, st_stairs_14,
          minmay_guarded_unrand_variability
D:10:     layout_rooms, nicolae_overflow_crystal_walls, orc_0_dummy,
          enter_bailey_7, uniq_joseph
D:11:     layout_rooms, due_lair_maze_entry_diamond, serial_shops, shop
D:12:     layout_gridville, serial_shops, shop, nicolae_shop_stone, shop,
          nicolae_shop_stone, nzn_life_drinkers
D:13:     layout_irregular_city, minmay_misc_feat_five, jiyva_altar_1
Lair:1:   layout_roguey, chequers_serial_rivers_room_b,
          minmay_lair_oklob_chamber, grunt_megastairs_3, lemuel_fruit_tree
Lair:2:   layout_chaotic_city, wad_woods_river_01, lemuel_fruit_fields
Lair:3:   nzn_winding_woodlands_cross [nzn_winding_woodlands_5x15_pockets,
          nzn_winding_woodlands_5x15_pathside_ponds,
          nzn_winding_woodlands_5x15_default, nzn_winding_woodlands_5x15_parted,
          nzn_winding_woodlands_15x15_boxy_spiral], layout_long_grid,
          elwin_shoals_entry_stream, serial_bayou_pond_b,
          small_statue_intersection, pond, uniq_urug, uniq_sonja
Lair:4:   layout_hall_layers, spider_nest_entry_rubble, uniq_rupert
Lair:5:   dragon1_lemuel, layout_gridlike, nzn_sisyphean_effort
Lair:6:   evilmike_catoblepas_cave, layout_long_grid,
          dpeg_slime_entry_enclosed_altar, st_stairs_4,
          infiniplex_staircase_pool

Skill      XL: |  1  2  3  4  5  6  7  8  9 10 11 12 13 14 |
---------------+-------------------------------------------+-----
Axes           | 3 5 7 11 13 | 13.4
Maces & Flails | 1 4 6 9 11 14 15 16 | 16.4
Fighting       | 7 11 13 14 | 14.8
Armour         | |  1.7
Dodging        | |  1.7

Action                   |  1- 3 |  4- 6 |  7- 9 | 10-12 | 13-15 || total
-------------------------+-------+-------+-------+-------+-------++-------
Melee: Hand axe          |    74 |       |       |       |       ||    74
       Whip              |    15 |   117 |   276 |   322 |       ||   730
       Kick              |       |       |    32 |   164 |   162 ||   358
       Great mace        |       |       |       |   110 |       ||   110
       Battleaxe         |       |       |       |    62 |   441 ||   503
Invok: Berserk           |     2 |     3 |    12 |    22 |    17 ||    56
       Brothers in Arms  |       |       |       |       |     1 ||     1
Evoke: Wand              |       |       |       |       |     1 ||     1
  Use: Scroll            |       |     7 |     7 |    10 |     1 ||    25
       Potion            |       |       |     4 |       |     6 ||    10
 Stab: Sleeping          |     1 |       |       |       |       ||     1
       Distracted        |       |       |       |     1 |       ||     1
Armor: Animal skin       |    19 |       |       |       |       ||    19
       Leather armour    |     1 |    24 |    63 |    53 |       ||   141
       Chain mail        |       |     9 |       |       |       ||     9
       Scale mail        |       |     3 |       |       |     4 ||     7
       Skin              |       |       |    23 |       |       ||    23
       Ring mail         |       |       |       |    40 |   125 ||   165
Dodge: Dodged            |    70 |    42 |    82 |   246 |   278 ||   718
Block: Other             |    17 |    19 |    34 |    91 |    97 ||   258
       Reflection        |       |     1 |     1 |     8 |     3 ||    13

Table legend: (Time is in decaauts)
 A = Elapsed time spent in this place.
 B = Non-inter-level travel time spent in this place.
 C = Inter-level travel time spent in this place.
 D = Time resting spent in this place.
 E = Time spent auto-exploring this place.
 F = Levels seen in this place.
 G = Mean time per level.
                   A        B        C        D        E       F      G
               +--------+--------+--------+--------+--------+-----+--------+
         Total |  24182 |  23490 |    692 |   8161 |  12387 |  20 | 1209.1 |
       Dungeon |  12192 |  11772 |    420 |   3016 |   7150 |  13 |  937.8 |
          Lair |  11287 |  11015 |    272 |   4764 |   5217 |   6 | 1881.2 |
        Bailey |    703 |    703 |      0 |    380 |     20 |   1 |  703.0 |
               +--------+--------+--------+--------+--------+-----+--------+

Top non-repeatable levels by time:
  Lair:3: 3417 daAuts
  Lair:5: 2384 daAuts
  Lair:6: 1515 daAuts
  Lair:1: 1503 daAuts
     D:4: 1382 daAuts
     D:5: 1339 daAuts
  Lair:4: 1245 daAuts
  Lair:2: 1220 daAuts
     D:8: 1148 daAuts
     D:7: 971 daAuts
    D:12: 941 daAuts
     D:6: 915 daAuts
     D:3: 903 daAuts
    D:11: 834 daAuts
     D:2: 830 daAuts
